 Dungeon Crawl Stone Soup version 0.18-a0-1718-g40ea4b6 (webtiles) character file.

340 M4edhros the Ducker (level 6, -1/42 HPs)
             Began as an Octopode Abyssal Knight on Apr 8, 2016.
             Was a Believer of Lugonu.
             Succumbed to an orc's poison
             ... on level 3 of the Dungeon.
             The game lasted 00:04:58 (1897 turns).

M4edhros the Ducker (Octopode Abyssal Knight)       Turns: 1897, Time: 00:04:59

Health: -1/42      AC:  1    Str: 11      XL:     6   Next: 56%
Magic:  8/8        EV: 15    Int: 14 (15) God:    Lugonu [**....]
Gold:   130        SH:  0    Dex: 13      Spells: 0 memorised, 5 levels left

rFire  . . .     SeeInvis .     f - +1 halberd
rCold  . . .     Gourm    .     (shield currently unavailable)
rNeg   + . .     Faith    .     (helmet restricted)
rPois  .         Spirit   .     d - amulet of harm
rElec  .         Dismiss  .     l - ring of positive energy
rCorr  .         Reflect  .     n - ring of loudness (curse)
SustAt .         Harm     +     (no ring)
MR     .....                    (no ring)
Stlth  +.........               (no ring)
                                (no ring)
                                (no ring)
                                (no ring)

@: lethally poisoned (-1 -> -12), slowed, very slow, not resistant to hostile
enchantments, very unstealthy
A: almost no armour, amphibious, 8 rings, constrict 8, camouflage 1, gelatinous
body 1, MP-powered wands
a: Depart the Abyss, Bend Space, Renounce Religion


You were on level 3 of the Dungeon.
You worshipped Lugonu.
Lugonu was pleased with you.
You were very hungry.

You visited 1 branch of the dungeon, and saw 3 of its levels.
You visited the Abyss 1 time.

You collected 130 gold pieces.

Inventory:

Hand Weapons
 a - a +1 spear
 f - a +1 halberd (weapon)
Missiles
 e - 90 stones (quivered)
 h - 34 sling bullets
Jewellery
 d - an amulet of harm (around mantle)
 l - a ring of positive energy (left tentacle)
 n - a cursed ring of loudness (right tentacle)
Comestibles
 b - 3 bread rations
 c - a fruit
 g - a meat ration
 i - 2 beef jerkies


   Skills:
 - Level 3.0 Fighting
 * Level 3.5 Polearms
 * Level 5.8 Dodging
 + Level 2.8 Invocations


You had 5 spell levels left.
You didn't know any spells.

Dungeon Overview and Level Annotations

Branches:
Dungeon (3/15)

Altars:
Makhleb


Innate Abilities, Weirdness & Mutations

You cannot wear most types of armour.
You are amphibious.
You can wear up to eight rings at the same time.
You can use your tentacles to constrict eight enemies at once.
Your skin changes colour to match your surroundings (Stealth).
Your rubbery body absorbs attacks (AC +1).
You expend magic power (3 MP) to strengthen your wands.


Message History

You hit the orc wizard but do no damage.
Your grab misses the orc wizard.
You squeeze the orc wizard, but do no damage.
The orc wizard is severely wounded.
You feel sick.
The orc wizard hits you but does no damage.
Unknown command.
You feel sick. The orc wizard casts a spell at you.
You resist with some effort.
You barely miss the orc wizard. You grab the orc wizard.
You squeeze the orc wizard.
You kill the orc wizard!
Lugonu accepts your kill.
You feel sick. The orc hits you but does no damage.
The orc hits you with a hand axe of venom.
* * * LOW HITPOINT WARNING * * *
You are more poisoned.
Unknown command.
You die...

#############
#...#...#...#
#.8...8)oo8.#
...#...#...#
##)###[##
...#..o#...#
..8...8o..8.# ####
....#...#@).# #..#
#.#.###.###.###
##<## #...
#...#....# ##..#
#..
...8...8..###...#
#.
..#...#.........##
...........##...##
...######..)o.####
#.##o....#..
#..#.o...)....


You could see 2 orcs.

Vanquished Creatures
  A neqoxec (Abyss:1)
  2 orc wizards (D:3)
  9 adders
  3 gnolls (D:2)
  2 worms (D:2)
  A dart slug (D:2)
  5 orcs (D:3)
  A giant cockroach (D:2)
  2 goblins
  8 hobgoblins
  4 kobolds
  A quokka (D:2)
  3 bats (D:1)
  2 giant newts
  7 rats
51 creatures vanquished.

Notes
Turn   | Place    | Note
--------------------------------------------------------------
     0 | Abyss:1  | M4edhros the Octopode Abyssal Knight began the quest for the Orb.
     0 | Abyss:1  | Reached XP level 1. HP: 16/16 MP: 2/2
    52 | Abyss:1  | Noticed a large abomination
    71 | Abyss:1  | Found a bloodstained altar of Trog.
    73 | Abyss:1  | Noticed a quasit
    73 | Abyss:1  | Noticed a spatial vortex
    78 | Abyss:1  | Noticed a chaos spawn
    79 | Abyss:1  | Noticed a spatial maelstrom
    79 | Abyss:1  | Noticed a spatial vortex
    81 | Abyss:1  | Noticed a large abomination
    81 | Abyss:1  | Noticed a small abomination
    83 | Abyss:1  | Noticed a tentacled starspawn
    83 | Abyss:1  | Noticed a large abomination
   246 | Abyss:1  | Found a corrupted altar of Lugonu.
   302 | Abyss:1  | Noticed an eye of devastation
   382 | Abyss:1  | Noticed a small abomination
   385 | Abyss:1  | Noticed a worldbinder
   387 | Abyss:1  | Noticed a jumping spider
   408 | Abyss:1  | Noticed a raiju
   408 | Abyss:1  | Noticed an orange demon
   418 | Abyss:1  | Noticed a neqoxec
   433 | Abyss:1  | Gained mutation: You expend magic power (3 MP) to strengthen your wands. [a neqoxec]
   434 | Abyss:1  | Killed a neqoxec
   434 | Abyss:1  | Reached skill level 5 in Dodging
   434 | Abyss:1  | Reached XP level 2. HP: 2/21 MP: 3/3
   434 | Abyss:1  | Reached XP level 3. HP: 2/26 MP: 4/4
   434 | Abyss:1  | Reached XP level 4. HP: 3/31 MP: 5/5
   434 | Abyss:1  | Reached XP level 5. HP: 3/36 MP: 6/6
   437 | D:1      | Escaped the Abyss
   988 | D:2      | Reached ** piety under Lugonu
  1405 | D:2      | Reached XP level 6. HP: 37/42 MP: 7/7
  1477 | D:2      | Found a burning altar of Makhleb.
  1896 | D:3      | HP: 1/42 [orc/hand axe of venom (6)]
  1897 | D:3      | Succumbed to an orc's poison

Vault maps used:
D:1:      scummos_arrival_simple_fountains
D:2:      lemuel_coloured_pillars_altar, first_bread
D:3:      kennysheep_cluttered_room, minmay_misc_feat_four_crosses, st_stairs_13
Abyss:1:  abyss_exit_lava

Skill      XL: |  1  2  3  4  5 |
---------------+----------------+-----
Dodging        | 5 |  5.8
Polearms       | 3 |  3.5
Fighting       | |  3.0
Invocations    | |  2.8

Action                   |  1- 3 |  4- 6 || total
-------------------------+-------+-------++-------
Melee: Spear             |    10 |    60 ||    70
       Halberd           |       |    53 ||    53
  Use: Potion            |     1 |     3 ||     4
       Scroll            |     1 |     3 ||     4
 Stab: Sleeping          |       |     7 ||     7
       Distracted        |       |     1 ||     1
  Eat: Chunk             |       |     2 ||     2
